 Dungeon Crawl Stone Soup version 0.31-a0-636-ge1c0e020e0 (webtiles) character file.

Game seed: 13912601677156310491

199 rvierbuc the Trooper (level 5, -3/44 HPs)
             Began as a Demonspawn Wanderer on Aug 26, 2023.
             Slain by Eustachio
             ... wielding a +0 rapier
              (8 damage)
             ... on level 4 of the Dungeon.
             The game lasted 00:07:12 (2345 turns).

rvierbuc the Trooper (Demonspawn Wanderer)          Turns: 2345, Time: 00:07:13

Health: -3/44      AC:  0    Str: 18    XL:     5   Next: 48%
Magic:  5/5        EV: 14    Int:  9    God:
Gold:   140        SH:  0    Dex: 13    Spells: 3/4 levels left

rFire   . . .        a - melded +0 mace
rCold   . . .        b - melded +2 buckler
rNeg    . . .        c - melded +0 ring mail
rPois   .            (helmet currently unavailable)
rElec   .            l - melded +0 cloak
rCorr   .            (gloves currently unavailable)
SInv    .            (boots currently unavailable)
Will    .....        (no amulet) Stlth
                     (ring currently unavailable)
HPRegen 0.27/turn    (ring currently unavailable)
MPRegen 0.09/turn

%: no passive effects
@: pig-form, silenced, very quick
A: fast, no casting, small, (horns 2), (slimy green scales 1)
a: no special abilities


You were on level 4 of the Dungeon.
You were a filthy swine.
You visited 1 branch of the dungeon, and saw 4 of its levels.

You collected 140 gold pieces.

Inventory:

Hand Weapons
 a - a +0 mace (melded)
 u - a +2 quarterstaff of chaos
 v - a +0 orcbow
Missiles
 k - 4 datura-tipped darts
Armour
 b - a +2 buckler (melded)
 c - a +0 ring mail (melded)
 h - a +0 helmet
 l - a +0 cloak (melded)
Wands
 m - a wand of flame (6)
Scrolls
 d - a scroll of butterflies
 e - 2 scrolls of silence
 f - a scroll of torment {unknown}
 g - 3 scrolls of identify {unknown}
 i - a scroll of enchant weapon {unknown}
 j - a scroll of fog {unknown}
 o - a scroll of enchant armour {unknown}
 q - a scroll of poison {unknown}
 r - a scroll of noise {unknown}
 s - a scroll of revelation {unknown}
Potions
 n - a potion of curing {unknown}
 p - 2 potions of haste {unknown}
 t - a potion of cancellation {unknown}


   Skills:
 + Level 5.0 Fighting
 + Level 2.7 Maces & Flails
 + Level 1.6 Armour
 + Level 1.8 Dodging
 + Level 0.2 Stealth
 + Level 3.3 Shields


You had 3 spell levels left.
You knew the following spells:

 Your Spells              Type           Power      Damage    Failure   Level
a - Shock                 Conj/Air       0%         1d3       38%         1

Your spell library contained the following spells:

 Spells                   Type           Power      Damage    Failure   Level
 Sublimation of Blood     Necr           0%         N/A       52%         2
 Wereblood                Tmut           0%         N/A       52%         2
 Stone Arrow              Conj/Erth      0%         3d7       77%         3
 Swiftness                Air            0%         N/A       77%         3
 Airstrike                Air            0%         2d(0-16)  99%         4
 Dispersal                Tloc           0%         N/A       100%        6
 Leda's Unmaking          Conj/Erth      0%         9d1       100%        6
 Summon Hydra             Summ           0%         N/A       100%        7


Dungeon Overview and Level Annotations

Branches:
Dungeon (4/15)
 Temple: D:4-7

Altars:

Annotations:
D:4 Eustachio, Sigmund


Innate Abilities, Weirdness & Mutations

You are a filthy swine.
You move quickly.
Your equipment is almost entirely melded.
You are incapable of wielding weapons or throwing items.
You cannot cast spells.
((You have a pair of horns on your head.))
((You are partially covered in slimy green scales. (AC +2)))


Message History

The shadow imp grins evilly.
Eustachio zaps a wand.
You turn into a filthy swine.
Your +0 mace melds into your body.
Your +0 cloak melds into your body.
Your +2 buckler melds into your body.
Your +0 ring mail melds into your body.
The shadow imp closely misses you.
As you read the scroll labelled OMITORGH QORA, it crumbles to dust.
A profound silence engulfs you.
It was a scroll of silence.
Eustachio hits you with a +0 rapier.
You closely miss Eustachio.
Eustachio is lightly wounded.
Eustachio hits you with a +0 rapier.
Magic scrolls do not work when you're silenced!
Aiming: Throw Flame
Press: ? - help, Shift-Dir - straight line, f - Eustachio
Aim: Eustachio, wielding a +0 rapier, wearing a +3 leather armour of poison resistance and carrying a wand of polymorph (silenced, lightly wounded, 56% to hit)
The puff of flame hits Eustachio.
Eustachio is moderately wounded.
Eustachio hits you with a +0 rapier. The iron imp completely misses you.
Aiming: Throw Flame
Press: ? - help, Shift-Dir - straight line, f/p - Eustachio
Aim: Eustachio, wielding a +0 rapier, wearing a +3 leather armour of poison resistance and carrying a wand of polymorph (silenced, moderately wounded, 56% to hit)
The puff of flame hits Eustachio.
Eustachio is moderately wounded.
Eustachio hits you with a +0 rapier!
Aiming: Throw Flame
Press: ? - help, Shift-Dir - straight line, f/p - Eustachio
Aim: Eustachio, wielding a +0 rapier, wearing a +3 leather armour of poison resistance and carrying a wand of polymorph (silenced, moderately wounded, 56% to hit)
The puff of flame hits Eustachio.
Eustachio is heavily wounded.
The iron imp hits you. Eustachio hits you with a +0 rapier!
* * * LOW HITPOINT WARNING * * *
Aiming: Throw Flame
Press: ? - help, Shift-Dir - straight line, f/p - Eustachio
Aim: Eustachio, wielding a +0 rapier, wearing a +3 leather armour of poison resistance and carrying a wand of polymorph (silenced, heavily wounded, 56% to hit)
The puff of flame hits Eustachio.
Eustachio is heavily wounded.
The shadow imp disappears in a puff of smoke!
The iron imp completely misses you. Eustachio hits you with a +0 rapier!
You die...
Eustachio twirls his moustache.

##..### #
##...# #...#
#.### #.#
#.## ##..###
###.....##
#h@J........
##55.......#
######...##
####


You could see Eustachio, an iron imp (summoned), a shadow imp (summoned,
unsilenced) and an endoplasm (unsilenced).

Vanquished Creatures
  A centaur (D:4)
  Crazy Yiuf (D:3)
  5 adders
  2 dart slugs
  5 endoplasms
  4 giant cockroaches
  2 goblins (D:1)
  3 hobgoblins
  3 jackals (D:4)
  2 kobolds (D:1)
  3 quokkas
  A ball python (D:2)
  6 bats
  3 frilled lizards
  9 rats
50 creatures vanquished.

Notes
Turn   | Place    | Note
-------+----------+-------------------------------------------
     0 | D:1      | rvierbuc the Demonspawn Wanderer began the quest for the
                  | Orb.
     0 | D:1      | rvierbuc set off with the following items: a +0 mace, a +2
                  | buckler, a +0 ring mail, a scroll of butterflies.
     0 | D:1      | Reached XP level 1. HP: 19/19 MP: 1/1
   186 | D:1      | Gained mutation: You are partially covered in slimy green
                  | scales. (AC +2) [demonic ancestry]
   186 | D:1      | Reached XP level 2. HP: 26/26 MP: 2/2
   868 | D:1      | Gained mutation: You have a pair of small horns on your
                  | head. [demonic ancestry]
   868 | D:1      | Reached XP level 3. HP: 31/31 MP: 3/3
  1115 | D:2      | Got Vuadiria's Codex of Tectonic Angles
  1121 | D:2      | Learned a level 1 spell: Shock
  1566 | D:3      | Gained mutation: You have a pair of horns on your head.
                  | [demonic ancestry]
  1566 | D:3      | Reached XP level 4. HP: 36/38 MP: 4/4
  1672 | D:3      | Found a faded altar of an unknown god.
  1787 | D:3      | Found a runed translucent door.
  1788 | D:3      | Noticed Crazy Yiuf
  2151 | D:3      | Killed Crazy Yiuf
  2205 | D:4      | Noticed Sigmund
  2261 | D:4      | Noticed a centaur
  2268 | D:4      | Killed a centaur
  2269 | D:4      | Reached skill level 5 in Fighting
  2269 | D:4      | Reached XP level 5. HP: 27/44 MP: 5/5
  2301 | D:4      | Noticed Eustachio
  2345 | D:4      | Slain by Eustachio

Illustrated notes

Levels and vault maps discovered:
D:1:      amcnicky_arrival_gap_in_the_tavern_cellar, layout_loops_corners,
          minmay_pentomino_x2
D:2:      layout_rooms, minmay_tree_intersection
D:3:      layout_loops_cross, shapermc_ecumenical_altar_totnotflames,
          minmay_misc_feat_pillars, minmay_quadrilaterals,
          uniq_crazy_yiuf_cottage
D:4:      layout_layer_cave, enter_ossuary_1, uniq_eustachio, uniq_sigmund

Skill      XL: |  1  2  3  4 |
---------------+-------------+-----
Shields        | 3 |  3.3
Maces & Flails | 2 |  2.7
Fighting       | 5 |  5.0
Armour         | |  1.6
Dodging        | |  1.8
Stealth        | |  0.2

Action                     |  1- 3 |  4- 6 || total
---------------------------+-------+-------++-------
  Melee: Mace              |   114 |    54 ||   168
         Headbutt          |     3 |     9 ||    12
         Unarmed           |       |     1 ||     1
  Evoke: Wand              |       |     4 ||     4
    Use: Scroll            |       |     1 ||     1
 Armour: Ring mail         |    72 |    53 ||   125
  Dodge: Dodged            |    72 |    61 ||   133
  Block: Buckler           |    32 |    31 ||    63

Table legend: (Time is in decaauts)
 A = Elapsed time spent in this place.
 B = Non-inter-level travel time spent in this place.
 C = Inter-level travel time spent in this place.
 D = Time resting spent in this place.
 E = Time spent auto-exploring this place.
 F = Levels seen in this place.
 G = Mean time per level.
                   A        B        C        D        E       F      G
               +--------+--------+--------+--------+--------+-----+--------+
         Total |   2406 |   2271 |    135 |      0 |   1747 |   4 |  601.5 |
       Dungeon |   2406 |   2271 |    135 |      0 |   1747 |   4 |  601.5 |
               +--------+--------+--------+--------+--------+-----+--------+

Top non-repeatable levels by time:
     D:1: 1002 daAuts
     D:3: 863 daAuts
     D:2: 419 daAuts
     D:4: 121 daAuts
